 Dungeon Crawl Stone Soup version 0.32-a0-798-gfa783ce77f (webtiles) character file.

Game seed: 11119800019459926435

748 terter303 the Grasshopper (level 7, -10/56 HPs)
             Began as a Gnoll Warper on Mar 21, 2024.
             Mangled by an ogre
             ... wielding a +0 giant club
              (14 damage)
             ... on level 4 of the Dungeon.
             The game lasted 00:13:09 (3461 turns).

terter303 the Grasshopper (Gnoll Warper)            Turns: 3461, Time: 00:13:09

Health: -10/56     AC:  4    Str: 12    XL:     7   Next: 77%
Magic:  15/15      EV: 12    Int: 12    God:
Gold:   215        SH:  0    Dex: 12    Spells: 16/17 levels left

rFire   . . .        p - +0 scythe
rCold   . . .        (shield currently unavailable)
rNeg    . . .        b - +0 leather armour
rPois   .            q - +0 helmet
rElec   .            (no cloak)
rCorr   .            (no gloves)
SInv    .            (no boots)
Will    .....        (no amulet)
Stlth   ++           (no ring)
HPRegen 0.29/turn    (no ring)
MPRegen 0.14/turn

%: no passive effects
@: about to teleport
A: fangs 1, strong nose, distributed training
a: no special abilities


You were on level 4 of the Dungeon.
You visited 1 branch of the dungeon, and saw 4 of its levels.

You collected 215 gold pieces.

Inventory:

Hand Weapons
 a - a +0 hand axe
 p - a +0 scythe (weapon)
Missiles
 d - 2 darts of dispersal (quivered)
 h - 5 poisoned darts
Armour
 b - a +0 leather armour (worn)
 q - a +0 helmet (worn)
Wands
 o - a wand of flame (1)
 t - a wand of iceblast (6)
Scrolls
 c - a scroll of noise {unknown}
 e - 2 scrolls of enchant weapon {unknown}
 f - a scroll of poison {unknown}
 k - a scroll of identify {unknown}
 m - 2 scrolls of brand weapon {unknown}
 n - a scroll of teleportation
 s - a scroll of enchant armour {unknown}
Potions
 g - 2 potions of cancellation {unknown}
 i - 2 potions of curing {unknown}
 j - 3 potions of heal wounds {unknown}
 l - a potion of haste {unknown}
 r - a potion of mutation {unknown}
 u - 2 potions of attraction {unknown}


   Skills:
 + Level 5.4 Fighting
 + Level 2.8 Short Blades
 + Level 2.8 Long Blades
 + Level 5.4 Axes
 + Level 2.8 Maces & Flails
 + Level 2.8 Polearms
 + Level 2.8 Staves
 + Level 2.8 Ranged Weapons
 + Level 3.9 Throwing
 + Level 3.9 Armour
 + Level 5.4 Dodging
 + Level 2.8 Stealth
 + Level 2.8 Shields
 + Level 2.8 Unarmed Combat
 + Level 5.8 Spellcasting
 + Level 2.3 Conjurations
 + Level 2.3 Hexes
 + Level 2.3 Summonings
 + Level 2.3 Necromancy
 + Level 5.9 Translocations
 + Level 2.3 Fire Magic
 + Level 2.3 Ice Magic
 + Level 2.3 Air Magic
 + Level 2.3 Earth Magic
 + Level 2.3 Alchemy
 + Level 3.1 Invocations
 + Level 2.8 Evocations
 + Level 2.5 Shapeshifting


You had 16 spell levels left.
You knew the following spells:

 Your Spells              Type           Power      Damage    Failure   Level
a - Sting                 Conj/Alch      36%        1d5       9%          1

Your spell library contained the following spells:

 Spells                   Type           Power      Damage    Failure   Level
 Apportation              Tloc           34%        N/A       1%          1
 Blink                    Tloc           34%        N/A       3%          2
 Lesser Beckoning         Tloc           34%        N/A       3%          2
 Teleport Other           Tloc           17%        N/A       6%          3
 Necrotise                Necr           36%        1d5       9%          1
 Summon Small Mammal      Summ           36%        N/A       9%          1
 Manifold Assault         Tloc           17%        N/A       21%         4
 Vhi's Electric Charge    Tloc/Air       26%        N/A       38%         4


Dungeon Overview and Level Annotations

Branches:
Dungeon (4/15)
 Temple: D:4-7

Altars:
Sif Muna

Annotations:
D:4 Blork the orc, Natasha


Innate Abilities, Weirdness & Mutations

You have very sharp teeth.
Your uncanny sense of smell can sniff out nearby items.
Your experience applies equally to all skills.


Message History

You closely miss Natasha. You bite Natasha.
Natasha is lightly wounded.
The hobgoblin barely misses you.
Natasha mumbles some strange words.
You feel troubled.
Natasha stares at you and mumbles some strange words.
The magic dart hits you.
Aiming: Iceblast
Press: ? - help, Q - select action, (/) - cycle Shift-Dir - straight line, f - Blork the orc
Aim: Blork the orc, wielding a +0 scimitar and wearing a +0 robe
Okay, then.
Natasha attacks as she pursues you! Natasha claws you. x2
As you read the scroll labelled ETOTHRAU TUFU, it crumbles to dust.
You feel strangely unstable.
It was a scroll of teleportation.
The hobgoblin closely misses you.
Blork the orc gestures wildly while chanting.
Blork the orc seems to speed up.
Natasha barely misses you.
The hobgoblin attacks as it pursues you!
The hobgoblin barely misses you. Natasha attacks as she pursues you!
Natasha misses you.
Your surroundings suddenly seem different.
An ogre and an adder come into view.
The ogre shouts!
You closely miss the adder. The adder bites you but does no damage.
You closely miss the adder. The adder bites you. x2
You are poisoned.
The adder poisons you!
You barely miss the adder. Your bite misses the adder.
You feel sick. The adder closely misses you. The adder barely misses you.
The ogre closely misses you.
You puncture the adder!
You kill the adder!
You feel sick. The ogre hits you with a +0 giant club!
* * * LOW HITPOINT WARNING * * *
As you read the scroll of teleportation, it crumbles to dust.
You feel strangely unstable.
You feel sick.
You feel sick.
You are no longer poisoned.
The ogre attacks as it pursues you! The ogre hits you with a +0 giant club!
You die...

##############
.......<.....#
. #
############.##
...#. ### ∆ ∆
∆#..†
......#.### ∆ ∆
#..) #.@#.###
#... #.#O.#.###
#### ###.#..#.#
###.#..#
###.#..# ∆ ###
.... .#.# .## ∆
#


You could see an ogre.

Vanquished Creatures
  Grinder (D:3)
  Sigmund (D:3)
  Eustachio (D:4)
  A phantom (D:4)
  A scorpion (D:4)
  3 adders
  A dart slug (D:1)
  2 ribbon worms (D:2)
  2 orcs
  3 ball pythons
  8 endoplasms
  6 giant cockroaches
  5 goblins
  2 hobgoblins
  24 jackals
  5 kobolds
  A quokka (D:1)
  6 bats
  2 frilled lizards (D:1)
  6 rats
81 creatures vanquished.

Notes
Turn   | Place    | Note
-------+----------+-------------------------------------------
     0 | D:1      | terter303 the Gnoll Warper began the quest for the Orb.
     0 | D:1      | Reached XP level 1. HP: 20/20 MP: 6/6
    80 | D:1      | Reached XP level 2. HP: 25/26 MP: 7/7
   318 | D:1      | Reached skill level 5 in Spellcasting
   318 | D:1      | Reached XP level 3. HP: 23/31 MP: 7/9
   407 | D:1      | Reached skill level 1 in Invocations
   911 | D:2      | Reached skill level 1 in Short Blades
   911 | D:2      | Reached skill level 1 in Long Blades
   911 | D:2      | Reached skill level 1 in Maces & Flails
   911 | D:2      | Reached skill level 1 in Polearms
   911 | D:2      | Reached skill level 1 in Staves
   911 | D:2      | Reached skill level 1 in Ranged Weapons
   911 | D:2      | Reached skill level 1 in Stealth
   911 | D:2      | Reached skill level 1 in Shields
   911 | D:2      | Reached skill level 1 in Unarmed Combat
   911 | D:2      | Reached skill level 1 in Evocations
  1235 | D:2      | Reached skill level 1 in Shapeshifting
  1235 | D:2      | Reached XP level 4. HP: 31/38 MP: 11/11
  1489 | D:2      | Reached skill level 1 in Conjurations
  1489 | D:2      | Reached skill level 1 in Hexes
  1489 | D:2      | Reached skill level 1 in Summonings
  1489 | D:2      | Reached skill level 1 in Necromancy
  1489 | D:2      | Reached skill level 1 in Fire Magic
  1489 | D:2      | Reached skill level 1 in Ice Magic
  1489 | D:2      | Reached skill level 1 in Air Magic
  1489 | D:2      | Reached skill level 1 in Earth Magic
  1489 | D:2      | Reached skill level 1 in Alchemy
  1991 | D:3      | Noticed Sigmund
  1994 | D:3      | Learned a level 1 spell: Sting
  2013 | D:3      | Killed Sigmund
  2014 | D:3      | Reached skill level 5 in Fighting
  2014 | D:3      | Reached skill level 5 in Axes
  2014 | D:3      | Reached skill level 5 in Dodging
  2014 | D:3      | Reached XP level 5. HP: 31/44 MP: 8/12
  2014 | D:3      | Reached XP level 6. HP: 36/51 MP: 9/14
  2086 | D:3      | Noticed Grinder
  2105 | D:3      | Killed Grinder
  2106 | D:3      | Reached XP level 7. HP: 24/56 MP: 12/15
  2591 | D:3      | Found a shimmering blue altar of Sif Muna.
  3111 | D:4      | Noticed Eustachio
  3122 | D:4      | Killed Eustachio
  3431 | D:4      | Noticed Natasha
  3437 | D:4      | Noticed Blork the orc
  3461 | D:4      | Mangled by an ogre

Illustrated notes

Levels and vault maps discovered:
D:1:      erik_arrival_blinker_ship, layout_basic
D:2:      layout_basic, minmay_misc_feat_room, kennysheep_generic_room_7
D:3:      layout_basic, mainiacjoe_overflow_brackets, serial_park_tiny_2,
          kennysheep_pointless_box, uniq_grinder, uniq_sigmund
D:4:      minmay_razor_zed, layout_rooms, uniq_eustachio, uniq_blork_the_orc,
          uniq_natasha

Skill      XL: |  1  2  3  4  5  6  7 |
---------------+----------------------+-----
Spellcasting   | 5 |  5.8
Invocations    | 1 2 3 |  3.1
Short Blades   | 1 2 |  2.8
Long Blades    | 1 2 |  2.8
Maces & Flails | 1 2 |  2.8
Polearms       | 1 2 |  2.8
Staves         | 1 2 |  2.8
Ranged Weapons | 1 2 |  2.8
Stealth        | 1 2 |  2.8
Shields        | 1 2 |  2.8
Unarmed Combat | 1 2 |  2.8
Evocations     | 1 2 |  2.8
Shapeshifting  | 1 2 |  2.5
Conjurations   | 1 2 |  2.3
Hexes          | 1 2 |  2.3
Summonings     | 1 2 |  2.3
Necromancy     | 1 2 |  2.3
Fire Magic     | 1 2 |  2.3
Ice Magic      | 1 2 |  2.3
Air Magic      | 1 2 |  2.3
Earth Magic    | 1 2 |  2.3
Alchemy        | 1 2 |  2.3
Fighting       | 5 |  5.4
Axes           | 5 |  5.4
Throwing       | 3 |  3.9
Armour         | 3 |  3.9
Dodging        | 5 |  5.4
Translocations | |  5.9

Action                     |  1- 3 |  4- 6 |  7- 9 || total
---------------------------+-------+-------+-------++-------
  Melee: Hand axe          |   150 |    53 |       ||   203
         Bite              |    15 |     6 |     5 ||    26
         Halberd           |       |     2 |    70 ||    72
  Throw: Dart              |       |     5 |       ||     5
   Cast: Sting             |       |     9 |     3 ||    12
  Evoke: Wand              |       |     3 |     5 ||     8
    Use: Scroll            |       |     1 |     2 ||     3
   Stab: Sleeping          |       |       |     1 ||     1
 Armour: Leather armour    |   117 |    44 |    76 ||   237
  Dodge: Dodged            |   122 |    41 |   103 ||   266

Table legend: (Time is in decaauts)
 A = Elapsed time spent in this place.
 B = Non-inter-level travel time spent in this place.
 C = Inter-level travel time spent in this place.
 D = Time resting spent in this place.
 E = Time spent auto-exploring this place.
 F = Levels seen in this place.
 G = Mean time per level.
                   A        B        C        D        E       F      G
               +--------+--------+--------+--------+--------+-----+--------+
         Total |   3500 |   3445 |     55 |    284 |   2379 |   4 |  875.0 |
       Dungeon |   3500 |   3445 |     55 |    284 |   2379 |   4 |  875.0 |
               +--------+--------+--------+--------+--------+-----+--------+

Top non-repeatable levels by time:
     D:3: 1192 daAuts
     D:1: 903 daAuts
     D:2: 897 daAuts
     D:4: 507 daAuts
